 Dungeon Crawl Stone Soup version 0.27.1-34-g3ba077fa99 (webtiles) character file.

Game seed: 953354330556021317

219 pkoi the Insei (level 5, 0/45 HPs)
             Began as a Draconian Monk on Jan 6, 2022.
             Succumbed to an orc wizard's poison
             ... on level 3 of the Dungeon.
             The game lasted 00:02:40 (2298 turns).

pkoi the Insei (Draconian Monk)                     Turns: 2298, Time: 00:02:40

Health: 0/45       AC:  7    Str: 13    XL:     5   Next: 63%
Magic:  5/5        EV: 12    Int: 12    God:
Gold:   964        SH:  0    Dex: 13    Spells: 4/4 levels left

rFire    . . .     SeeInvis .     - Unarmed
rCold    . . .     Faith    .   (no shield)
rNeg     . . .     Spirit   .   (armour unavailable)
rPois    .         Reflect  .   (helmet restricted)
rElec    .         Harm     .   (no cloak)
rCorr    .         Rampage  .   b - +1 pair of gloves
Will     .....                  (no boots)
Stlth    ++........             (no amulet)
HPRegen  0.15/turn              (no ring)
MPRegen  0.09/turn              (no ring)

@: lethally poisoned (0 -> -8)
A: AC +5, unfitting armour, cold-blooded
a: no special abilities


You were on level 3 of the Dungeon.
You visited 1 branch of the dungeon, and saw 3 of its levels.

You collected 964 gold pieces.

Inventory:

Hand Weapons
 d - a +0 dagger
Missiles
 a - 10 poisoned darts (quivered)
Armour
 b - a +1 pair of gloves (worn)
Wands
 e - a wand of flame (15)
Scrolls
 c - a scroll of teleportation {unknown}
 f - a scroll of fear {unknown}
 g - a scroll of fog {unknown}


   Skills:
 - Level 3.4 Fighting
 - Level 2.6 Dodging
 - Level 1.7 Stealth
 + Level 6.4 Unarmed Combat


You had 4 spell levels left.
You didn't know any spells.
Your spell library contained the following spells:

 Spells                   Type           Power      Damage    Failure   Level
 Call Imp                 Summ           0%         N/A       45%         2
 Leda's Liquefaction      Hex/Erth       0%         N/A       97%         4
 Shadow Creatures         Summ           N/A        N/A       100%        6
 Summon Horrible Things   Summ           0%         N/A       100%        8


Dungeon Overview and Level Annotations

Branches:
Dungeon (3/15)

Altars:


Innate Abilities, Weirdness & Mutations

Your plain brown scales are hard. (AC +5)
You cannot fit into any form of body armour.
You are cold-blooded and may be slowed by cold attacks.


Message History

You are poisoned.
Items here: ))) [[ †.
You hit something but do no damage.
You feel sick.
You hit something.
You feel sick. Something hits you but does no damage.
Unknown command.
It was a potion of magic.
Magic courses through your body.
You feel sick. Something hits you but does no damage.
You miss something.
You feel sick.
You hear some strange, mumbled words.
A magic dart appears from out of thin air!
The magic dart hits you.
* * * LOW HITPOINT WARNING * * *
You punch something!
A rat comes into view.
You hear some strange, mumbled words.
Something tries to affect you, but you resist.
You hit something.
You feel sick. Something hits you but does no damage.
You barely miss something.
You feel sick.
You are no longer poisoned.
You hear some strange, mumbled words.
You are confused.
You bump into the rock wall.
Something hits you but does no damage.
You are poisoned.
Unknown command.
You are too confused!
You bump into the rock wall.
* * * LOW HITPOINT WARNING * * *
You feel sick. Something hits you but does no damage.
* * * LOW HITPOINT WARNING * * *
You feel sick.
You're too confused to move!
* * * LOW HITPOINT WARNING * * *
You feel sick. Something hits you but does no damage.
You are lethally poisoned!
You bump into the rock wall.
You feel less confused.
* * * LOW HITPOINT WARNING * * *
You feel sick. Something hits you but does no damage.
Unknown command.
You die...

#.# #..............#
#######.###...##.#.####...
..............##.### #.##
.######.###...##.# #.#
#...#..###.# #.#
###.#...##.# #.#
#.#.#..#.# #.# #.#......#
#.# #@#.##.### #. #.#.# .#
#{# #o# #K# #.. ... ....
..##


You could see an orc and a kobold.

Vanquished Creatures
  Natasha (thrice) (D:2)
  An orc wizard (D:3)
  4 gnolls
  2 adders (D:2)
  2 worms
  4 dart slugs
  2 orcs (D:3)
  3 bats
  4 endoplasms
  3 giant cockroaches (D:1)
  8 goblins (D:1)
  5 hobgoblins
  3 quokkas
  4 ball pythons (D:1)
  4 kobolds
  3 rats (D:1)
55 creatures vanquished.

Notes
Turn   | Place    | Note
-------+----------+-------------------------------------------
     0 | D:1      | pkoi the Draconian Monk began the quest for the Orb.
     0 | D:1      | Reached XP level 1. HP: 19/19 MP: 1/1
   243 | D:1      | Reached XP level 2. HP: 26/26 MP: 2/2
   498 | D:1      | Reached skill level 4 in Unarmed Combat
   504 | D:1      | Identified a scroll of acquirement
   504 | D:1      | Acquired 888 gold pieces
   513 | D:1      | Found a faded altar of an unknown god.
   557 | D:1      | Reached XP level 3. HP: 31/31 MP: 3/3
   761 | D:1      | Got Emack's Compendium of the Fetching Entourage
  1091 | D:1      | Reached XP level 4. HP: 4/38 MP: 4/4
  1376 | D:1      | Reached skill level 5 in Unarmed Combat
  1502 | D:2      | Noticed Natasha
  1509 | D:2      | Killed Natasha
  1748 | D:2      | Noticed Natasha
  1756 | D:2      | Killed Natasha
  1757 | D:2      | Reached XP level 5. HP: 33/45 MP: 5/5
  1800 | D:2      | Noticed Natasha
  1808 | D:2      | Killed Natasha
  1809 | D:2      | Reached skill level 6 in Unarmed Combat
  2297 | D:3      | HP: 2/45 [poisoned by an orc wizard]
  2298 | D:3      | Succumbed to an orc wizard's poison

Illustrated notes

Levels and vault maps discovered:
D:1:      sevenhm_arrival_forest_fort_large_3, layout_rooms,
          shapermc_ecumenical_altar_pompeii, minmay_small_reverse_x
D:2:      layout_rooms, uniq_natasha
D:3:      layout_loops_ring, general_overflow_altar, minivault_4

Skill      XL: |  1  2  3  4  5 |
---------------+----------------+-----
Unarmed Combat | 4 5 6 |  6.4
Fighting       | |  3.4
Dodging        | |  2.6
Stealth        | |  1.7

Action                   |  1- 3 |  4- 6 || total
-------------------------+-------+-------++-------
Melee: Unarmed           |   115 |    82 ||   197
       Tailslap          |    11 |     9 ||    20
       Punch             |       |     3 ||     3
  Use: Scroll            |     3 |       ||     3
       Potion            |       |     5 ||     5
 Stab: Sleeping          |     4 |     2 ||     6
Armor: Skin              |    47 |    23 ||    70
Dodge: Dodged            |    87 |    26 ||   113
